 Zot Defence DCSS version 0.15.2 (webtiles) character file.

667 Marenglen the Cleaver (level 7, -2/64 HPs)
             Began as a Hill Orc Berserker on May 7, 2016.
             Was a Believer of Trog.
             Slain by Buaguymy the yak (5 damage)
             ... in the Realm of Zot (Scenario IV: Columnade).
             The game lasted 00:08:24 (786 turns).

Marenglen the Cleaver (Hill Orc Berserker)           Turns: 786, Time: 00:08:24

HP  -2/64        AC  5     Str 21      XL: 7   Next: 57%
MP   7/7         EV 10     Int  7      God: Trog [**....]
Gold 0           SH  0     Dex 11      Spells:  0 memorised,  6 levels left

rFire  . . .     SeeInvis .     a - +0 hand axe
rCold  . . .     Clarity  .     m - +0 ring mail
rNeg   . . .     rCorr    .     (no shield)
rPois  .         rRot     .     (no helmet)
rElec  .         Spirit   .     (no cloak)
SustAb .         Warding  .     (no gloves)
rMut   .         Stasis   .     (no boots)
Gourm  .                        (no amulet)
MR     .....                    (no ring)
                                (no ring)

@: exhausted, very slightly contaminated, hasted and slowed, not resistant to
hostile enchantments, very unstealthy
A: no striking features
a: Make oklob sapling, Make arrow trap, Make plant, Remove Curse, Make burning
bush, Make altar, Make grenades, Make oklob plant, Burn Spellbooks, Berserk,
Trog's Hand, Renounce Religion


You were in the Realm of Zot.
You worshipped Trog.
Trog was pleased with you.
You were not hungry.

You visited 1 branch

Inventory:

Hand weapons
 a - a +0 hand axe (weapon)
Armour
 b - a +0 animal skin
 m - a +0 ring mail (worn)
Comestibles
 d - a meat ration
Scrolls
 i - a scroll of blinking
Potions
 g - 2 potions of magic
 h - a potion of berserk rage


   Skills:
 + Level 6.6 Fighting
 * Level 9.4 Axes
 - Level 2.1 Armour
 - Level 1.5 Dodging


You had 6 spell levels left.
You didn't know any spells.

Dungeon Overview and Level Annotations

Branches:
    Zot (1/1)

Altars:


Message History

Buaguymy is severely wounded.
Buaguymy gores you!
* * * LOW HITPOINT WARNING * * *
A rat comes into view.
You slash Buaguymy!
Buaguymy is severely wounded.
Buaguymy misses you.
You hit Buaguymy.
Buaguymy is almost dead.
Buaguymy closely misses you.
You hit Buaguymy.
Buaguymy is almost dead.
An arrow hits the rat!
The rat dies!
An arrow hits Skicos!
Skicos the orange rat comes into view.
You barely miss the rat. You barely miss Buaguymy.
Buaguymy is almost dead.
Buaguymy gores you.
You die...

▓▓▓▓▓▓▓▓▓ ▓▓▓▓▓ ▓▓..P....▓▓
▓▓▓▓▓ ▓∆∆∆▓ ▓▓...P)....▓▓ ▓∆∆∆▓
▓∆∆∆▓▓ ▓..P.P))....▓ ▓▓∆∆∆▓
▓▓▓▓▓▓▓▓▓▓^PP)r@)%...▓▓▓▓▓▓▓▓▓▓
▓▓....r.P.PP.Y%%...%...▓▓
▓....PPP.P........)%..▓
▓...▓▓▓▓..P....▓▓▓▓...▓
▓▓...▓▓▓▓.....▓▓▓▓...▓▓
▓▓...▓▓▓▓...▓▓▓▓...▓▓
▓▓...▓▓▓▓▓▓▓▓▓...▓▓ ▓▓...▓▓
▓▓...▓▓ ▓▓...▓▓ ▓▓...▓▓


You could see Buaguymy the yak, Skicos the orange rat, a rat and a friendly
oklob plant.

Vanquished Creatures
  A deep elf mage (Zot)
  An iguana (Zot)
  Jessica (Zot)
  3 orcs (Zot)
  A ball python (Zot)
  2 giant cockroaches (Zot)
  6 goblins (Zot)
  3 hobgoblins (Zot)
  6 bats (Zot)
  4 giant newts (Zot)
  5 kobolds (Zot)
  15 rats (Zot)
  A plant (Zot)
49 creatures vanquished.

Vanquished Creatures (collateral kills)
  An ice beast (Zot)
  An oklob sapling (Zot)
  A giant cockroach (Zot)
  2 goblins (Zot)
  A hobgoblin (Zot)
  A bat (Zot)
  2 rats (Zot)
  A plant (Zot)
10 creatures vanquished.

Vanquished Creatures (others)
  2 hobgoblins (Zot)
  A giant spore (Zot)
  4 goblins (Zot)
  3 rats (Zot)
  3 plants (Zot)
13 creatures vanquished.

Grand Total: 72 creatures vanquished

Notes
Turn   | Place    | Note
--------------------------------------------------------------
     0 | Zot      | Marenglen, the Hill Orc Berserker, began the quest for the Orb.
     0 | Zot      | Reached XP level 1. HP: 19/19 MP: 1/1
   253 | Zot      | Reached XP level 2. HP: 24/27 MP: 2/2
   283 | Zot      | Noticed Sosixkat
   293 | Zot      | Killed Sosixkat the iguana
   293 | Zot      | Reached skill level 6 in Axes
   293 | Zot      | Reached XP level 3. HP: 34/34 MP: 3/3
   293 | Zot      | Reached XP level 4. HP: 41/41 MP: 4/4
   371 | Zot      | Noticed Ploh
   378 | Zot      | Acquired Trog's second power
   390 | Zot      | Killed Ploh the deep elf mage
   390 | Zot      | Reached skill level 5 in Fighting
   390 | Zot      | Reached skill level 8 in Axes
   390 | Zot      | Reached XP level 5. HP: 17/50 MP: 5/5
   390 | Zot      | Reached XP level 6. HP: 19/57 MP: 6/6
   390 | Zot      | Reached XP level 7. HP: 20/62 MP: 7/7
   493 | Zot      | Reached skill level 9 in Axes
   743 | Zot      | Noticed Jessica
   760 | Zot      | Noticed Buaguymy
   765 | Zot      | Killed Jessica
   776 | Zot      | HP: 2/64 [rat (2)]
   782 | Zot      | HP: 2/64 [Buaguymy the yak (8)]
   786 | Zot      | Slain by Buaguymy the yak

Action                   |  1- 3 |  4- 6 |  7- 9 || total
-------------------------+-------+-------+-------++-------
Melee: Hand axe          |    31 |    34 |    75 ||   140
Invok: Berserk           |     1 |     1 |     1 ||     3
 Abil: Make plant        |       |       |    18 ||    18
       Make arrow trap   |       |       |     2 ||     2
       Make oklob saplin |       |       |     1 ||     1
       Make grenades     |       |       |     1 ||     1
       Make oklob plant  |       |       |     1 ||     1
  Use: Potion            |       |       |     5 ||     5
